 Dungeon Crawl Stone Soup version 0.30-a0-782-ge64f9170bb (webtiles) character file.

Game seed: 10580515504003718901

11743 Chromium the Protected (level 11, -5/111 HPs)
             Began as an Armataur Fighter on Feb 28, 2023.
             Was a High Priest of Jiyva.
             Slain by a polar bear (12 damage)
             ... on level 2 of the Lair of Beasts.
             The game lasted 00:39:06 (7514 turns).

Chromium the Protected (Armataur Fighter)           Turns: 7514, Time: 00:39:07

Health: -5/111     AC: 12    Str: 31    XL:     11   Next: 53%
Magic:  9/9        EV:  9    Int:  6    God:    Jiyva [*****.]
Gold:   183        SH:  6    Dex: 17    Spells: 10/10 levels left

rFire   + + .      SeeInvis .    p - +2 morningstar (holy)
rCold   x . .      Faith    .    c - +0 buckler
rNeg    . . .      Spirit   .    d - +0 fire dragon scales
rPois   .          Reflect  .    (no helmet)
rElec   .          Harm     .    (no cloak)
rCorr   +          Roll     +    (no gloves)
Will    .....                    (no barding) Stlth
                                 (no amulet)
HPRegen 1.82/turn                b - +6 ring of dexterity
MPRegen 0.56/turn                o - +6 ring of strength

@: no status effects
A: large, rugged brown scales 3, deformed body, armoured tail, roll, long
tongue, awkward tongue, dopey 1, low MP 1, wild magic 1, gelatinous body 1,
MP-powered wands
a: Renounce Religion, Oozemancy, Slimify


You were on level 2 of the Lair of Beasts.
You worshipped Jiyva.
Jiyva was extremely pleased with you.
You visited 3 branches of the dungeon, and saw 11 of its levels.

You collected 183 gold pieces.

Inventory:

Hand Weapons
 h - a +0 scimitar of flaming
 m - a +4 shortbow of flaming
 n - a +2 battleaxe of flaming
 p - a +2 morningstar of holy wrath (weapon)
 s - a -2 spear of venom
Missiles
 r - 2 throwing nets (quivered)
Armour
 c - a +0 buckler (worn)
 d - +0 fire dragon scales (worn)
 i - a +0 plate armour of cold resistance
 k - the +0 scale mail "Heotsed" {Dex+4}
   (You took it off an orc on level 4 of the Dungeon)

   Dex:       It affects your dexterity (+4).
Jewellery
 b - a +6 ring of dexterity (left hand)
 j - a ring of magical power
 o - a +6 ring of strength (right hand)
Wands
 a - a wand of mindburst (11)
Scrolls
 f - a scroll of teleportation
 g - 2 scrolls of blinking
 l - a scroll of identify
 q - a scroll of enchant armour
Potions
 t - a potion of mutation


   Skills:
 * Level 12.2 Fighting
 - Level 0.9(1.7) Short Blades
 - Level 2.2(2.3) Long Blades
 - Level 4.0 Maces & Flails
 + Level 12.7 Armour
 - Level 0.3 Dodging
 - Level 0.7 Stealth
 - Level 7.9 Shields


You had 10 spell levels left.
You didn't know any spells.
Your spell library contained the following spells:

 Spells                   Type           Power      Damage    Failure   Level
 Sting                    Tmut/Pois      0%         1d3       82%         1
 Ensorcelled Hibernation  Hex/Ice        0%         N/A       90%         2
 Poisonous Vapours        Pois/Air       0%         N/A       90%         2
 Spider Form              Tmut/Pois      0%         N/A       99%         3
 Anguish                  Hex/Necr       0%         N/A       100%        4
 Olgreb's Toxic Radiance  Pois           0%         N/A       100%        4


Dungeon Overview and Level Annotations

Branches:
Dungeon (8/15)             Temple (1/1) D:6            Lair (2/5) D:8
  Swamp: Lair:2-3    Shoals: Lair:2-3     Snake: Lair:2-3    Spider: Lair:2-3

Altars:
Ashenzari
Cheibriados
Dithmenos
Elyvilon
Fedhas
Gozag
Hepliaklqana
Makhleb
Nemelex Xobeh
Okawaru
Qazlal
Sif Muna
Uskayaw
Vehumet
Wu Jian
Xom
Zin
The Shining One
Jiyva

Shops:
D:1 (


Innate Abilities, Weirdness & Mutations

You are completely covered in rugged brown scales. (AC +3, +7% HP)
Armour fits poorly on your strangely shaped body.
You have a long armoured tail.
You roll when moving toward enemies. (Rampage)
Your long tongue fully drains potion bottles. (2x potion effects)
Your tongue gives you trouble enunciating. (1.5x scroll delay)
You are dopey. (Int -2)
Your magical capacity is low. (-10% MP)
Your spells are a little harder to cast, but a little more powerful.
Your rubbery body absorbs attacks. (AC +1, EV +1)
You expend magic power (3 MP) to strengthen your wands.


Message History

You kill the polar bear!
The polar bear bites you.
* * * LOW HITPOINT WARNING * * *
You block the polar bear's attack. The polar bear barely misses you.
The polar bear bites you.
* * * LOW HITPOINT WARNING * * *
You block the polar bear's attack. x2; The polar bear misses you.
The polar bear barely misses you. x2
You slurp down every last drop of the 2 glowing pink potions!
It was a potion of mutation.
You feel extremely strange. The antennae on your head shrink a bit.
Your body becomes less malleable.
Your talons dull and shrink into feet.
Your skin returns to its normal opacity.
Your iridescent scales disappear.
The antennae on your head shrink a bit. The antennae on your head shrink away.
You feel your magical essence link to the dungeon's wands.
You feel stupid.
You feel less energetic.
You feel less in control of your magic. The polar bear bites you!
* * * LOW HITPOINT WARNING * * *
The polar bear claws you but does no damage.
The polar bear claws you.
* * * LOW HITPOINT WARNING * * *
The polar bear bites you!
* * * LOW HITPOINT WARNING * * *
The polar bear claws you.
* * * LOW HITPOINT WARNING * * *
You block the polar bear's attack.
As you slowly read the scroll labelled XOADIAC VUOT, it crumbles to dust.
The scroll dissolves into smoke.
It was a scroll of fog.
The polar bear bites you but does no damage.
The polar bear closely misses you. The polar bear barely misses you.
The polar bear closely misses you.
The polar bear claws you but does no damage.
The polar bear closely misses you.
You barely miss the polar bear.
The polar bear bites you but does no damage.
The polar bear claws you but does no damage. x2
The polar bear bites you!
You die...

...##P.P####..#...#
##..†.###.#...#
##.#....#.P...#
##..##P.##.....#
#PP..####~.#...#
#...## #~~.#...#
#§P## )#~~~##..#####
##§§##§)##~.##...P.#.
#P§§@h§.#............
##§##h###............
### ## ...##P.P#####
#. ##..# P #.#. #..#
#. #


You could see 2 polar bears.

Vanquished Creatures
  Erica (D:8)
  Pikel (D:5)
  An ugly thing (D:7)
  A cyclops (D:7)
  A rime drake (Lair:1)
  2 polar bears (Lair:2)
  2 burning bushes (Lair:1)
  26 yaks
  A wraith (D:7)
  Grum (D:8)
  5 wyverns (D:8)
  A vampire mosquito (D:7)
  3 water moccasins
  2 orc warriors
  3 black bears
  7 ice beasts
  2 sky beasts (D:7)
  4 wolves (D:8)
  4 ogres
  A centaur (D:8)
  A lemure (D:5)
  A kobold brigand (D:7)
  2 phantoms (D:5)
  3 bullfrogs (D:7)
  A necrophage (D:7)
  6 scorpions
  3 wights (D:8)
  5 howler monkeys
  4 orc priests
  4 gnoll boudas
  7 hounds
  3 iguanas (D:6)
  3 orc wizards
  20 gnolls
  5 adders
  2 shadow imps
  2 white imps (D:6)
  An ufetubus (D:4)
  5 worms
  A dart slug (D:3)
  18 orcs
  6 bats
  An endoplasm (D:1)
  5 giant cockroaches
  3 goblins
  7 hobgoblins
  8 jackals
  9 kobolds
  A quokka (D:2)
  3 ball pythons
  3 frilled lizards
  4 rats
216 creatures vanquished.

Vanquished Creatures (others)
  A komodo dragon (Lair:1)
  A sky beast (D:7)
  A centaur (D:7)
  A bullfrog (D:7)
  A necrophage (D:5)
  22 jellies
  A hound (D:5)
  3 orc priests
  A gnoll bouda (D:6)
  2 iguanas
  2 orc wizards (D:8)
  An adder (D:4)
  3 gnolls
  The ghost of fly the Sneak, a weakling DgDe (D:4)
  A dart slug (D:2)
  11 orcs
  An endoplasm (D:2)
  3 hobgoblins
  2 jackals (D:2)
  3 bats
  2 goblins
  A kobold (D:4)
  12 fungi
  26 plants
103 creatures vanquished.

Grand Total: 319 creatures vanquished

Notes
Turn   | Place    | Note
-------+----------+-------------------------------------------
     0 | D:1      | Chromium the Armataur Fighter began the quest for the Orb.
     0 | D:1      | Reached XP level 1. HP: 19/19 MP: 1/1
   109 | D:1      | Reached XP level 2. HP: 24/26 MP: 2/2
   410 | D:1      | Found Utsete's Antique Weapon Emporium.
   476 | D:1      | Found a faded altar of an unknown god.
   512 | D:1      | Prayed at the altar of an unknown god.
   512 | D:1      | Became a worshipper of Jiyva Jurrehoa the Shapeless
   512 | D:1      | Reached * piety under Jiyva
   876 | D:2      | Reached XP level 3. HP: 29/32 MP: 3/3
  1106 | D:2      | Reached XP level 4. HP: 40/40 MP: 4/4
  1135 | D:2      | Reached ** piety under Jiyva
  1517 | D:3      | Found a sparkling altar of Nemelex Xobeh.
  1994 | D:4      | Reached *** piety under Jiyva
  2011 | D:4      | Reached XP level 5. HP: 42/48 MP: 5/5
  2073 | D:4      | Reached skill level 5 in Armour
  2145 | D:4      | Found a runed translucent gate.
  2147 | D:4      | Found a runed translucent gate.
  2149 | D:4      | Found a runed translucent gate.
  2150 | D:4      | Noticed fly's ghost (weakling DgDe)
  2152 | D:4      | Identified the +0 short sword of Afory {flame, rCorr Str+2}
  2152 | D:4      | Identified the +0 scale mail "Heotsed" {Dex+4}
  2195 | D:4      | HP: 1/49 [orc priest/divine providence (12)]
  2198 | D:4      | Killed fly's ghost
  2228 | D:4      | Reached XP level 6. HP: 55/55 MP: 6/6
  2268 | D:4      | Found a broken altar of Ashenzari.
  2387 | D:4      | Gained mutation: You have a small jelly attached to you
                  | that may absorb projectiles. [Jiyva's grace]
  2387 | D:4      | Gained mutation: You are covered in slimy tendrils that may
                  | disarm your opponents. [Jiyva's grace]
  2387 | D:4      | Gained mutation: You are partially covered in iridescent
                  | scales. (AC +2) [Jiyva's grace]
  2387 | D:4      | Gained mutation: You are mostly covered in iridescent
                  | scales. (AC +4) [Jiyva's grace]
  2631 | D:5      | Entered Level 5 of the Dungeon
  2631 | D:5      | Noticed an ice beast
  2654 | D:5      | Killed an ice beast
  2750 | D:5      | Reached XP level 7. HP: 51/63 MP: 7/7
  2910 | D:5      | Reached skill level 5 in Shields
  2985 | D:5      | Reached skill level 5 in Fighting
  2999 | D:5      | Reached **** piety under Jiyva
  3001 | D:5      | Noticed Pikel
  3069 | D:5      | Killed Pikel
  3070 | D:5      | Reached XP level 8. HP: 71/74 MP: 8/8
  3295 | D:5      | Found a shimmering altar of Xom.
  3542 | D:5      | Found a burning altar of Makhleb.
  3997 | D:6      | Reached XP level 9. HP: 78/84 MP: 9/9
  4401 | D:6      | Found a staircase to the Ecumenical Temple.
  4418 | Temple   | Entered the Ecumenical Temple
  4530 | D:7      | Reached ***** piety under Jiyva
  4534 | D:7      | Found an opulent altar of Gozag.
  4611 | D:7      | Reached skill level 1 in Maces & Flails
  4677 | D:7      | Noticed a cyan ugly thing
  4701 | D:7      | Killed a cyan ugly thing
  4871 | D:7      | Reached skill level 10 in Armour
  4877 | D:7      | Reached XP level 10. HP: 19/96 MP: 10/10
  4949 | D:7      | Lost mutation: You are mostly covered in iridescent scales.
                  | (AC +4) [Jiyva's grace]
  4949 | D:7      | Lost mutation: You have a small jelly attached to you that
                  | may absorb projectiles. [Jiyva's grace]
  4949 | D:7      | Gained mutation: Your rubbery body absorbs attacks. (AC +1,
                  | EV +1) [Jiyva's grace]
  4949 | D:7      | Gained mutation: Your pliable body absorbs attacks. (AC +2,
                  | EV +2) [Jiyva's grace]
  4949 | D:7      | Gained mutation: Your gelatinous body deflects attacks. (AC
                  | +3, EV +3) [Jiyva's grace]
  4949 | D:7      | Gained mutation: You have sharp toenails. [Jiyva's grace]
  4983 | D:7      | Noticed a cyclops
  5005 | D:7      | Killed a cyclops
  5063 | D:7      | Found an iron altar of Okawaru.
  5398 | D:8      | Found a staircase to the Lair.
  5434 | D:8      | Reached skill level 10 in Fighting
  5455 | D:8      | Found a shadowy altar of Dithmenos.
  5529 | D:8      | Noticed Grum
  5680 | D:8      | Reached XP level 11. HP: 100/109 MP: 11/11
  5686 | D:8      | Noticed Erica
  5704 | D:8      | Killed Erica
  5896 | D:8      | Killed Grum
  6227 | D:8      | Found a snail-covered altar of Cheibriados.
  6446 | Lair:1   | Entered Level 1 of the Lair of Beasts
  6808 | Lair:1   | Lost mutation: Your gelatinous body deflects attacks. (AC
                  | +3, EV +3) [Jiyva's grace]
  6808 | Lair:1   | Lost mutation: You are covered in slimy tendrils that may
                  | disarm your opponents. [Jiyva's grace]
  6808 | Lair:1   | Gained mutation: You have a pair of small antennae on your
                  | head. [Jiyva's grace]
  6808 | Lair:1   | Gained mutation: You have a pair of antennae on your head.
                  | [Jiyva's grace]
  6808 | Lair:1   | Gained mutation: You have a pair of large antennae on your
                  | head. (SInv) [Jiyva's grace]
  6808 | Lair:1   | Gained mutation: Your translucent skin slightly reduces
                  | your foes' accuracy. (Stealth+) [Jiyva's grace]
  7512 | Lair:2   | Lost mutation: You have a pair of large antennae on your
                  | head. (SInv) [potion of mutation]
  7512 | Lair:2   | Lost mutation: Your pliable body absorbs attacks. (AC +2,
                  | EV +2) [potion of mutation]
  7512 | Lair:2   | Lost mutation: You have sharp toenails. [potion of
                  | mutation]
  7512 | Lair:2   | Lost mutation: Your translucent skin slightly reduces your
                  | foes' accuracy. (Stealth+) [potion of mutation]
  7512 | Lair:2   | Lost mutation: You are partially covered in iridescent
                  | scales. (AC +2) [potion of mutation]
  7512 | Lair:2   | Lost mutation: You have a pair of antennae on your head.
                  | [potion of mutation]
  7512 | Lair:2   | Lost mutation: You have a pair of small antennae on your
                  | head. [potion of mutation]
  7512 | Lair:2   | Gained mutation: You expend magic power (3 MP) to
                  | strengthen your wands. [potion of mutation]
  7512 | Lair:2   | Gained mutation: You are dopey. (Int -2) [potion of
                  | mutation]
  7512 | Lair:2   | Gained mutation: Your magical capacity is low. (-10% MP)
                  | [potion of mutation]
  7512 | Lair:2   | Gained mutation: Your spells are a little harder to cast,
                  | but a little more powerful. [potion of mutation]
  7512 | Lair:2   | HP: 3/111 [polar bear (12)]
  7514 | Lair:2   | Slain by a polar bear

Illustrated notes

Levels and vault maps discovered:
D:1:      dpeg_arrival_arbitrary_a, layout_basic, serial_shops,
          nicolae_shop_advertising_works [nicolae_subvault_shop_adworks],
          hellmonk_ecumenical_altar_pennies_from_heaven
D:2:      layout_basic
D:3:      wander_river, layout_rooms, mainiacjoe_overflow_24_doors
D:4:      layout_rooms, evilmike_ruin_ashenzari, biasface_ghost_orc_armoury,
          serial_corexii_hall, corexii_hall_statues_s, chequers_hall_statues_y
D:5:      layout_basic, general_overflow_altar, makhleb_heckhound_becter,
          chequers_garden, st_stairs_5, uniq_pikel
D:6:      layout_loops_ring, minmay_temple_entry_enclosed_plants,
          minmay_manual_moon
D:7:      minmay_the_grid_plus [minmay_the_grid_tree,
          minmay_the_grid_minigrid_small, minmay_the_grid_aliased_spiral,
          minmay_the_grid_expand, minmay_the_grid_prize_diamond_cup],
          layout_cave_pools, lemuel_crystal_altar,
          mainiacjoe_overflow_surrounded_room, grunt_tough_drop
D:8:      layout_basic, nicolae_dithmenos_the_darkroom, cheibrodos_worm_habitat,
          minmay_lair_entry_grove, uniq_grum, uniq_erica
Temple:   zaba_magenta_temple
Lair:1:   layout_cave_pods, st_stairs_6, evilmike_ambush
          [evilmike_ambush_outer_basic, evilmike_ambush_inner_pond]
Lair:2:   beast_lair_carwin_large_2, layout_long_grid

Skill      XL: |  1  2  3  4  5  6  7  8  9 10 11 |
---------------+----------------------------------+-----
Long Blades    | 2 |  2.2
Armour         | 4 6 7 8 9 10 11 12 | 12.7
Fighting       | 3 4 6 7 8 11 12 | 12.2
Shields        | 4 6 7 |  7.9
Maces & Flails | 4 |  4.0
Short Blades   | |  0.9
Dodging        | |  0.3
Stealth        | |  0.7

Action                     |  1- 3 |  4- 6 |  7- 9 | 10-12 || total
---------------------------+-------+-------+-------+-------++-------
  Melee: Long sword        |    39 |       |       |       ||    39
         Tailslap          |    17 |    18 |    75 |    47 ||   157
         Short sword       |    84 |   205 |   285 |       ||   574
         Morningstar       |       |       |   124 |   273 ||   397
         Kick              |       |       |       |   105 ||   105
 Invoke: Slimify           |       |       |     1 |       ||     1
         Oozemancy         |       |       |     1 |       ||     1
    Use: Scroll            |       |     4 |     3 |     2 ||     9
         Potion            |       |     8 |     3 |     4 ||    15
 Armour: Scale mail        |    59 |    57 |   127 |       ||   243
         Skin              |       |    12 |    30 |       ||    42
         Fire dragon scale |       |       |    31 |   203 ||   234
  Dodge: Dodged            |    42 |    73 |   182 |   205 ||   502
  Block: Buckler           |    26 |    30 |    96 |   119 ||   271

Table legend: (Time is in decaauts)
 A = Elapsed time spent in this place.
 B = Non-inter-level travel time spent in this place.
 C = Inter-level travel time spent in this place.
 D = Time resting spent in this place.
 E = Time spent auto-exploring this place.
 F = Levels seen in this place.
 G = Mean time per level.
                   A        B        C        D        E       F      G
               +--------+--------+--------+--------+--------+-----+--------+
         Total |   7627 |   5693 |   1934 |      0 |   3719 |  11 |  693.4 |
       Dungeon |   6456 |   4792 |   1664 |      0 |   2992 |   8 |  807.0 |
        Temple |     78 |     58 |     20 |      0 |     50 |   1 |   78.0 |
          Lair |   1092 |    842 |    250 |      0 |    677 |   2 |  546.0 |
               +--------+--------+--------+--------+--------+-----+--------+

Top non-repeatable levels by time:
     D:8: 1104 daAuts
  Lair:1: 990 daAuts
     D:5: 945 daAuts
     D:7: 932 daAuts
     D:1: 875 daAuts
     D:6: 860 daAuts
     D:4: 686 daAuts
     D:2: 607 daAuts
     D:3: 445 daAuts
  Lair:2: 102 daAuts
  Temple: 78 daAuts
